 Dungeon Crawl Stone Soup version 0.24.0-29-g8ce449bc06 (webtiles) character file.

Game seed: 3984620395200720488, levelgen mode: deterministic

220 FessEmpty the Sneak (level 5, -3/24 HPs)
             Began as a Spriggan Enchanter on Nov 16, 2019.
             Was a Follower of Dithmenos.
             Blown up by a kobold (18 damage)
             ... with a disintegration bolt
             ... on level 3 of the Dungeon.
             The game lasted 00:18:50 (4822 turns).

FessEmpty the Sneak (Spriggan Enchanter)            Turns: 4822, Time: 00:18:51

Health: -3/24      AC:  2    Str:  4    XL:     5   Next: 64%
Magic:  13/13      EV: 18    Int: 16    God:    Dithmenos [*.....]
Gold:   75         SH:  0    Dex: 18    Spells: 1/13 levels left

rFire    . . .     SeeInvis +   a - +1 dagger
rCold    . . .     Gourm    .   (shield restricted)
rNeg     . . .     Faith    .   b - +0 robe
rPois    .         Spirit   .   (helmet restricted)
rElec    .         Reflect  .   (no cloak)
rCorr    .         Harm     .   (gloves unavailable)
MR       .....                  (boots unavailable)
Stlth    ++++......             (no amulet)
HPRegen  0.08/turn              (no ring)
MPRegen  0.13/turn              (no ring)

@: wreathed by umbra, very quick
A: very small, unfitting armour, see invisible, herbivore, speed 3, slow
metabolism 2
a: Renounce Religion


You were on level 3 of the Dungeon.
You worshipped Dithmenos.
Dithmenos was aware of your devotion.
You were not hungry.

You visited 1 branch of the dungeon, and saw 3 of its levels.

You collected 75 gold pieces.

Inventory:

Hand Weapons
 a - a +1 dagger (weapon)
Missiles
 i - 11 poisoned darts (quivered)
 o - 8 boomerangs
Armour
 b - a +0 robe (worn)
Jewellery
 p - an uncursed ring of fire {unknown}
Scrolls
 c - a scroll of fog {unknown}
 e - 2 scrolls of remove curse {unknown}
 f - a scroll of blinking {unknown}
 g - 4 scrolls of identify {unknown}
 h - a scroll of enchant armour {unknown}
 k - 5 scrolls of teleportation {unknown}
 m - a scroll of amnesia {unknown}
 q - a scroll of noise {unknown}
Potions
 j - a potion of degeneration {unknown}
 l - 3 potions of lignification {unknown}
 n - 3 potions of curing {unknown}
 r - a potion of brilliance {unknown}
Comestibles
 d - 4 rations


   Skills:
 - Level 1.1 Short Blades
 - Level 3.0 Dodging
 + Level 6.6 Stealth
 - Level 4.8 Spellcasting
 - Level 5.3 Hexes


You had one spell level left.
You knew the following spells:

 Your Spells              Type           Power        Failure   Level  Hunger
a - Corona                Hex            ###....      1%          1    None
b - Ensorcelled Hibernat  Hex/Ice        ##....       8%          2    ##.....
c - Tukima's Dance        Hex            ###.....     4%          3    ###....
d - Confuse               Hex            ###.....     4%          3    ###....
e - Dazzling Spray        Conj/Hex       ##....       16%         3    ###....

Your spell library contained the following spells:

 Spells                   Type           Power        Failure   Level  Hunger


Dungeon Overview and Level Annotations

Branches:
Dungeon (3/15)

Altars:
Dithmenos
Kikubaaqudgha
Yredelemnul
Zin
The Shining One

Annotations:
D:3 Matador8's ghost, amateur DrCj


Innate Abilities, Weirdness & Mutations

You are very small and have problems with some larger weapons.
You are too small for most types of armour.
You have supernaturally acute eyesight. (SInv)
You are a herbivore.
You cover ground extremely quickly.
You need to consume almost no food.


Message History

Casting: Ensorcelled Hibernation (safe; 8% risk of failure)
Confirm with . or Enter, or press ? or * to list all spells.
Aiming: Ensorcelled Hibernation (safe; 8% risk of failure)
Press: ? - help, Shift-Dir - straight line, p - orc wizard Nothing appears to happen.
You are near starving!
The orc wizard closely misses you.
Casting: Ensorcelled Hibernation (safe; 8% risk of failure)
Confirm with . or Enter, or press ? or * to list all spells.
Aiming: Ensorcelled Hibernation (safe; 8% risk of failure)
Press: ? - help, Shift-Dir - straight line Nothing appears to happen.
The orc misses you. The orc wizard closely misses you.
Casting: Ensorcelled Hibernation (safe; 8% risk of failure)
Confirm with . or Enter, or press ? or * to list all spells.
Aiming: Ensorcelled Hibernation (safe; 8% risk of failure)
Press: ? - help, Shift-Dir - straight line Nothing appears to happen.
The orc barely misses you. The orc wizard closely misses you.
Level annotation: 3 runed translucent doors, Matador8's ghost, amateur DrCj Welcome back, FessEmpty the Spriggan Enchanter.
Dithmenos says: Spread the eternal night.
Press ? for a list of commands and other information.
The orc wizard points at you and mumbles some strange words.
The magic dart hits you! The orc wizard casts a spell at you.
You easily resist.
There is a stone staircase leading up here.
You start resting.
The orc wizard is too close now for your liking.
You climb upwards.
There is a stone staircase leading down here.
You start resting.
Magic restored.
You climb downwards.
Level annotation: 3 runed translucent doors, Matador8's ghost, amateur DrCj
There is a stone staircase leading up here.
There is a stone staircase leading up here.
A hobgoblin comes into view.
The helpless hobgoblin fails to defend itself.
You impale the hobgoblin!!
You kill the hobgoblin!
Dithmenos accepts your kill.
Found a stone staircase leading up.
No target in view!
An adder comes into view.
The helpless adder fails to defend itself.
You impale the adder!!
You kill the adder!
Dithmenos accepts your kill.
g - 4 scrolls labeled BIFIMMEOFA (gained 1)
You now have 75 gold pieces (gained 10).
A frilled lizard comes into view.
The helpless frilled lizard fails to defend itself.
You impale the frilled lizard!!
You kill the frilled lizard!
Dithmenos accepts your kill.
Level annotation: 3 runed translucent doors, Matador8's ghost, amateur DrCj Welcome back, FessEmpty the Spriggan Enchanter.
Dithmenos says: Spread the eternal night.
Press ? for a list of commands and other information.
Found a hunting sling.
A kobold comes into view.
The kobold shouts!
The kobold throws a stone.
The stone misses you. The kobold misses you.
You hit the kobold.
The kobold is severely wounded.
The kobold closely misses you.
You hit the kobold.
You kill the kobold!
Dithmenos accepts your kill.
Things that are here:
a stone; a kobold corpse You see here a stone.
A worm comes into view.
The helpless worm fails to defend itself.
You impale the worm!!
You kill the worm!
Dithmenos accepts your kill.
No target in view!
You barely miss the orc. The orc completely misses you.
Cast which spell? (? or * to list)
Aiming: Ensorcelled Hibernation (safe; 8% risk of failure)
Press: ? - help, Shift-Dir - straight line, f - orc
Aim: an orc, wielding a +0 trident and wearing a +0 leather armour (umbra, chance to defeat MR: 61%)
The orc resists with significant effort.
The orc completely misses you.
Casting: Ensorcelled Hibernation (safe; 8% risk of failure)
Confirm with . or Enter, or press ? or * to list all spells.
Aiming: Ensorcelled Hibernation (safe; 8% risk of failure)
Press: ? - help, Shift-Dir - straight line, f/p - orc
Aim: an orc, wielding a +0 trident and wearing a +0 leather armour (umbra, chance to defeat MR: 61%)
The orc resists with significant effort.
The orc completely misses you.
Casting: Ensorcelled Hibernation (safe; 8% risk of failure)
Confirm with . or Enter, or press ? or * to list all spells.
Aiming: Ensorcelled Hibernation (safe; 8% risk of failure)
Press: ? - help, Shift-Dir - straight line, f/p - orc
Aim: an orc, wielding a +0 trident and wearing a +0 leather armour (umbra, chance to defeat MR: 61%)
The orc resists with significant effort.
The orc barely misses you.
Casting: Ensorcelled Hibernation (safe; 8% risk of failure)
Confirm with . or Enter, or press ? or * to list all spells.
Aiming: Ensorcelled Hibernation (safe; 8% risk of failure)
Press: ? - help, Shift-Dir - straight line, f/p - orc
Aim: an orc, wielding a +0 trident and wearing a +0 leather armour (umbra, chance to defeat MR: 61%)
The orc looks drowsy...
The helpless orc fails to defend itself.
You impale the orc!!
You kill the orc!
Dithmenos accepts your kill.
Your Stealth skill increases to level 6!
Things that are here:
a +0 trident; a +0 leather armour You start resting.
Magic restored.
Casting: Ensorcelled Hibernation (safe; 8% risk of failure)
Confirm with . or Enter, or press ? or * to list all spells.
Aiming: Tukima's Dance (safe; 4% risk of failure)
Press: ? - help, Shift-Dir - straight line, f - orc wizard
Aim: an orc wizard, wielding a +0 dagger and wearing a +0 robe (hasn't noticed you, chance to defeat MR: 60%)
Okay, then.
Throwing (i - inventory. (/) - cycle)
i - 11 poisoned darts (quivered)
Press: ? - help, Shift-Dir - straight line, f - orc wizard
Aim: an orc wizard, wielding a +0 dagger and wearing a +0 robe (hasn't noticed you)
Okay, then.
Casting: Tukima's Dance (safe; 4% risk of failure)
Confirm with . or Enter, or press ? or * to list all spells.
Aiming: Tukima's Dance (safe; 4% risk of failure)
Press: ? - help, Shift-Dir - straight line, f - orc wizard
Aim: an orc wizard, wielding a +0 dagger and wearing a +0 robe (hasn't noticed you, chance to defeat MR: 60%)
The orc wizard shouts!
The +0 dagger dances into the air!
Casting: Tukima's Dance (safe; 4% risk of failure)
Confirm with . or Enter, or press ? or * to list all spells.
Aiming: Confuse (safe; 4% risk of failure)
Press: ? - help, Shift-Dir - straight line, f/p - orc wizard
Aim: an orc wizard, wearing a +0 robe (chance to defeat MR: 50%)
The orc wizard resists with significant effort.
You are starving!
The orc wizard casts a spell.
The orc wizard blinks!
You don't have the energy to cast that spell.
You eat one of the 5 rations.
That ration really hit the spot!
Casting: Confuse (safe; 4% risk of failure)
Confirm with . or Enter, or press ? or * to list all spells.
Aiming: Ensorcelled Hibernation (safe; 8% risk of failure)
Press: ? - help, Shift-Dir - straight line, f/p - orc wizard
Aim: an orc wizard, wearing a +0 robe (umbra, chance to defeat MR: 43%)
The orc wizard resists with some effort.
The orc wizard hits you but does no damage.
Casting: Ensorcelled Hibernation (safe; 8% risk of failure)
Confirm with . or Enter, or press ? or * to list all spells.
Aiming: Ensorcelled Hibernation (safe; 8% risk of failure)
Press: ? - help, Shift-Dir - straight line, f/p - orc wizard
Aim: an orc wizard, wearing a +0 robe (umbra, chance to defeat MR: 43%)
The orc wizard looks drowsy...
The helpless orc wizard fails to defend itself.
You impale the orc wizard!!
You kill the orc wizard!
Dithmenos accepts your kill.
Things that are here:
a +0 robe; an orc corpse
Things that are here:
a +0 trident; a +0 leather armour Your +0 dagger falls from the air.
Things that are here:
a +0 whip; an orc skeleton
r - a coppery potion You see here a worm corpse.
You see here a rat skeleton.
A bat comes into view.
The helpless bat fails to defend itself.
You impale the bat!!
You kill the bat!
Dithmenos accepts your kill.
You see here a bat corpse.
Found a stone staircase leading down.
There is a stone staircase leading down here.
The big kobold shouts!
The kobold shouts!
Matador8's ghost turns its malevolent gaze towards you.
The kobold shouts! x2
The kobold shouts!
The big kobold shouts!
The kobold shouts! x2
Matador8's ghost whispers, "Death is liberation."
You see here a +0 club.
There is a stone staircase leading down here.
There is a stone staircase leading down here.
You see here a +0 club.
Done exploring.
Press: ? - help, v - describe, . - travel
Here: Matador8's ghost, wielding a weapon of venom (fire blocked by a translucent stone wall)
The floor.
You open the gate.
Matador8's ghost gestures at you while chanting.
The magic dart hits you!
The big kobold throws a curare-tipped dart.
The curare-tipped dart misses you.
The kobold zaps a wand.
You are blasted!
Ouch! That really hurt!
You die...

########..>####....####..### #..
#..........)..........#....# #..
..####....##..........#.##.## #..
.......#.###............##..# ###
..######..........(...#####.#####
..# #####......<(..# #...... ###
#####.......# #######
##.⌠K##......# ##.#.#K#@.....#
#...#KK'..##### #....KW'..#
#...#KK'.## ##.#K#K#.# ##.⌠.##.#
#####..# ####


You could see 2 big kobolds, Matador8's ghost and 7 kobolds.

Vanquished Creatures
  A hound (D:2)
  An orc wizard (D:3)
  6 adders
  2 oozes (D:2)
  2 worms
  2 dart slugs
  3 leopard geckos
  2 orcs (D:3)
  5 giant cockroaches
  8 goblins
  11 hobgoblins
  6 jackals
  A quokka (D:2)
  12 bats
  4 frilled lizards
  9 kobolds
  8 rats
83 creatures vanquished.

Notes
Turn   | Place    | Note
-------+----------+-------------------------------------------
     0 | D:1      | FessEmpty the Spriggan Enchanter began the quest for the
                  | Orb.
     0 | D:1      | Reached XP level 1. HP: 9/9 MP: 5/5
   524 | D:1      | Reached XP level 2. HP: 8/13 MP: 7/7
  1559 | D:1      | Learned a level 2 spell: Ensorcelled Hibernation
  1999 | D:1      | Reached XP level 3. HP: 16/16 MP: 9/9
  2294 | D:2      | Learned a level 3 spell: Tukima's Dance
  2298 | D:2      | Learned a level 3 spell: Confuse
  2720 | D:2      | Reached skill level 5 in Hexes
  2720 | D:2      | Reached XP level 4. HP: 21/21 MP: 8/11
  3027 | D:2      | Found a shadowy altar of Dithmenos.
  3041 | D:2      | Became a worshipper of Dithmenos the Shadowed
  3050 | D:2      | Found an ancient bone altar of Kikubaaqudgha.
  3378 | D:2      | Found a faded altar of an unknown god.
  3509 | D:2      | Reached XP level 5. HP: 24/24 MP: 2/13
  3705 | D:2      | Learned a level 3 spell: Dazzling Spray
  3798 | D:2      | Found a glowing silver altar of Zin.
  3807 | D:2      | Reached skill level 5 in Stealth
  3887 | D:2      | Found a glowing golden altar of the Shining One.
  3983 | D:3      | Found a runed translucent gate.
  3983 | D:3      | Found a runed translucent gate.
  3983 | D:3      | Found a runed translucent gate.
  3983 | D:3      | Noticed Matador8's ghost (amateur DrCj)
  4104 | D:3      | Found a basalt altar of Yredelemnul.
  4216 | D:3      | Reached * piety under Dithmenos
  4493 | D:3      | Reached skill level 6 in Stealth
  4822 | D:3      | Blown up by a kobold

Levels and vault maps discovered:
D:1:      dpeg_arrival_three_same_balls, layout_basic
D:2:      layout_rooms, nicolae_overflow_quartered_altars,
          chequers_ecumenical_altar_simple
D:3:      layout_rooms, nicolae_overflow_crystal_walls,
          gammafunk_ghost_nasty_kobolds

Skill      XL: |  1  2  3  4  5 |
---------------+----------------+-----
Spellcasting   | 3 4 |  4.8
Hexes          | 4 5 |  5.3
Stealth        | 6 |  6.6
Short Blades   | |  1.1
Dodging        | |  3.0

Action                   |  1- 3 |  4- 6 || total
-------------------------+-------+-------++-------
Melee: Dagger            |   159 |    61 ||   220
 Cast: Ensorcelled Hiber |    17 |    62 ||    79
       Confuse           |       |     3 ||     3
       Corona            |       |     1 ||     1
       Tukima's Dance    |       |     1 ||     1
 Stab: Sleeping          |    23 |    40 ||    63
       Confused          |       |     1 ||     1
  Eat: Ration            |       |     2 ||     2
Armor: Robe              |    12 |     9 ||    21
Dodge: Dodged            |   159 |    56 ||   215
